AoeStats
← BladeY

Arabia

510280930Analyzed
1v1 RM · 1d ago on Sep 30, 2026· 45m 31s· 2 players
Game mode
Random Map
Map size
Tiny (2 player)
Population
200
Speed
Normal
Resources
Standard
Victory
Conquest
Starting age
Dark Age
Ending age
Imperial Age
RankedLock teamsTeams togetherTeam positionsShared explorationLock speedFull tech treeHidden civsTurbo modeCheats
Victory
Defeat
🇪🇸 Georgians · Spain
1338
+18
🇮🇳 Italians · India
1385
-18
nico
6:30 Loom
8:49 Feudal Age
9:30 Double-Bit Axe
11:11 Town Watch
19:19 Castle Age
17:57 Fletching
18:06 Horse Collar
18:53 Padded Archer Armor
20:27 Bodkin Arrow
20:51 Elite Skirmisher
22:13 Gold Mining
22:36 Bow Saw
30:01 Bloodlines
31:02 Wheelbarrow
31:42 Leather Archer Armor
32:33 Ballistics
33:59 Scale Barding Armor
34:05 Forging
36:44 Imperial Age
35:13 Svan Towers
37:39 Chain Barding Armor
37:25 Bracer
38:28 Chemistry
36:59 Cavalier
42:20 Hoardings
43:25 Chain Barding Armor
44:51 Conscription
46:44 Iron Casting
BladeY
7:07 Loom
9:18 Feudal Age
11:17 Double-Bit Axe
12:55 Horse Collar
15:50 Fletching
20:44 Castle Age
18:52 Padded Archer Armor
21:21 Bodkin Arrow
20:47 Crossbowman
22:47 Horse Collar
25:24 Wheelbarrow
29:20 Imperial Age
27:48 Gold Mining
28:13 Bow Saw
28:25 Thumb Ring
28:46 Town Watch
29:26 Ballistics
31:07 Chemistry
30:32 Bracer
30:45 Arbalester
32:32 Scale Mail Armor
34:17 Chain Mail Armor
34:03 Squires
34:21 Pikeman
36:24 Hand Cart
36:57 Plate Mail Armor
42:10 Forging
46:13 Conscription
Connection lost

Rejoining the realm…

Still unreachable

The connection could not be restored.

Session expired

The server has moved on; the page needs a fresh start.